AoeStats
← Curicacas

Arabia

505506043Analyzed
1v1 RM · 23d ago on Sep 9, 2026· 55m 25s· 2 players
Game mode
Random Map
Map size
Tiny (2 player)
Population
200
Speed
Normal
Resources
Standard
Victory
Conquest
Starting age
Dark Age
Ending age
Imperial Age
RankedLock teamsTeams togetherTeam positionsShared explorationLock speedFull tech treeHidden civsTurbo modeCheats
Victory
Defeat
🇧🇷 Japanese · Brazil
703
+16
🇨🇦 Spanish · Canada
708
-16
Curicacas
5:15 Loom
11:09 Feudal Age
11:52 Double-Bit Axe
11:50 Horse Collar
13:19 Wheelbarrow
16:50 Gold Mining
20:33 Castle Age
19:20 Stone Mining
20:12 Bloodlines
19:57 Fletching
20:07 Padded Archer Armor
20:22 Forging
21:21 Crossbowman
22:21 Bow Saw
23:31 Heavy Plow
23:48 Leather Archer Armor
23:54 Elite Skirmisher
27:29 Bodkin Arrow
29:17 Ballistics
29:27 Pikeman
30:08 Squires
30:10 Scale Mail Armor
33:22 Yasama
33:53 Hand Cart
33:26 Town Watch
36:24 Gold Shaft Mining
36:08 Chain Mail Armor
36:28 Iron Casting
38:35 Imperial Age
42:22 Blast Furnace
41:53 Plate Mail Armor
41:29 Scale Barding Armor
41:25 Bracer
41:56 Ring Archer Armor
42:40 Chemistry
42:18 Husbandry
41:40 Light Cavalry
42:25 Bracer
42:56 Ring Archer Armor
44:44 Conscription
46:43 Kataparuto
50:11 Chain Barding Armor
51:00 Two-Man Saw
Go Back To Reddit
7:09 Loom
10:34 Feudal Age
11:03 Double-Bit Axe
19:07 Castle Age
18:34 Padded Archer Armor
18:29 Fletching
18:27 Horse Collar
18:48 Stone Mining
21:36 Leather Archer Armor
25:40 Bloodlines
25:31 Husbandry
28:35 Bodkin Arrow
29:07 Heavy Plow
30:12 Bow Saw
37:15 Imperial Age
38:22 Capped Ram
40:13 Onager
42:00 Chemistry
43:02 Murder Holes
47:51 Ring Archer Armor
49:43 Wheelbarrow
50:47 Man-at-Arms
50:48 Pikeman
52:08 Hand Cart
51:45 Elite Conquistador
52:21 Halberdier
53:04 Squires
52:51 Arson
52:54 Gambesons
Connection lost

Rejoining the realm…

Still unreachable

The connection could not be restored.

Session expired

The server has moved on; the page needs a fresh start.